 Dungeon Crawl Stone Soup version 0.20.1-1-g8b1a95d (webtiles) character file.

51 Gargoyl the Skirmisher (level 3, -7/34 HPs)
             Began as a Minotaur Abyssal Knight on Aug 4, 2017.
             Was a Follower of Lugonu.
             Mangled by an ogre
             ... wielding a +0 giant club
              (9 damage)
             ... on level 3 of the Dungeon.
             The game lasted 00:02:22 (1482 turns).

Gargoyl the Skirmisher (Minotaur Abyssal Knight)    Turns: 1482, Time: 00:02:23

Health: -7/34      AC: 11    Str: 16    XL:     3   Next: 58%
Magic:  0/3        EV:  5    Int:  9    God:    Lugonu [*.....]
Gold:   270        SH:  3    Dex: 10    Spells: 2/2 levels left

rFire    . . .     SeeInvis .   a - +1 hand axe
rCold    . . .     Gourm    .   (no shield)
rNeg     . . .     Faith    .   e - +0 plate armour
rPois    .         Spirit   +   (helmet restricted)
rElec    .         Reflect  +   n - scarf {Spirit}
rCorr    .         Harm     .   (no gloves)
MR       .....                  (no boots)
Stlth    ..........             f - +3 amulet of reflection
Regen    0.2/turn               (no ring)
MPRegen  0.1/turn               (no ring)

@: no status effects
A: retaliatory headbutt, horns 2
a: Depart the Abyss, Renounce Religion


You were on level 3 of the Dungeon.
You worshipped Lugonu.
Lugonu was aware of your devotion.
You were not hungry.

You visited 1 branch of the dungeon, and saw 3 of its levels.
You visited the Abyss 1 time.

You collected 270 gold pieces.

Inventory:

Hand Weapons
 a - a +1 hand axe (weapon)
Armour
 e - a +0 plate armour (worn)
 n - a scarf of spirit shield (worn)
Jewellery
 f - a +3 amulet of reflection (around neck)
Scrolls
 d - a scroll of teleportation
 j - a scroll of identify
 k - a scroll of noise {unknown}
Potions
 g - a potion of flight {unknown}
 h - a potion of curing
Comestibles
 b - 2 fruits
 c - a bread ration
 i - 5 chunks of flesh
 l - a meat ration
 m - 3 royal jellies


   Skills:
 + Level 4.5 Fighting
 + Level 3.2 Axes
 * Level 3.0 Armour
 + Level 1.1 Dodging
 * Level 2.1 Invocations


You had 2 spell levels left.
You didn't know any spells.

Dungeon Overview and Level Annotations

Branches:
Dungeon (3/15)

Altars:


Innate Abilities, Weirdness & Mutations

You reflexively headbutt those who attack you in melee.
You have a pair of horns on your head.


Message History

It was a potion of curing.
You feel better.
You hit the ogre.
The ogre is lightly wounded.
The ogre barely misses you.
You completely miss the ogre.
The ogre is lightly wounded.
The ogre barely misses you.
You hit the ogre.
The ogre is lightly wounded.
The ogre hits you but does no damage.
Your plate armour prevents you from hitting the ogre.
You headbutt the ogre.
The ogre is moderately wounded.
The ogre hits you with a giant club!!
Ouch! That really hurt!
* * * LOW HITPOINT WARNING * * *
You hit the ogre.
The ogre is heavily wounded.
The ogre hits you with a giant club!
You die...

....... ###
...)....# #.##
........# #...
........# ####
........############
.................##
...................
#####.#..........##
#.@Oo$....########
#...###.###.# #
#..## #).##... #
.... ##.####.# # #.#
.# ..# .. # .. ^#
.## #.# ?# . .#


You could see an ogre and an orc.

Vanquished Creatures
  An adder (D:2)
  2 worms (D:3)
  2 dart slugs
  3 leopard geckos
  2 orcs (D:3)
  2 bats
  4 goblins
  3 hobgoblins (D:1)
  4 kobolds
  2 frilled lizards
  4 rats
29 creatures vanquished.

Notes
Turn   | Place    | Note
-------+----------+-------------------------------------------
     0 | Abyss:1  | Gargoyl the Minotaur Abyssal Knight began the quest for the Orb.
     0 | Abyss:1  | Reached XP level 1. HP: 19/19 MP: 1/1
    78 | Abyss:2  | Noticed a sixfirhy
    79 | D:1      | Escaped the Abyss
   208 | D:1      | Reached XP level 2. HP: 27/27 MP: 2/2
   210 | D:1      | Reached * piety under Lugonu
   210 | D:1      | Reached skill level 4 in Fighting
   866 | D:2      | Reached XP level 3. HP: 32/34 MP: 3/3
  1468 | D:3      | Noticed an ogre
  1481 | D:3      | HP: 1/34 [ogre/giant club (25)]
  1482 | D:3      | Mangled by an ogre

Skill      XL: |  1  2  3 |
---------------+----------+-----
Invocations    | 2 |  2.1
Fighting       | 4 |  4.5
Axes           | 3 |  3.2
Armour         | 3 |  3.0
Dodging        | |  1.1

Action                   || total
-------------------------++-------
Melee: Hand axe          ||    83
       Headbutt          ||    19
Invok: Depart the Abyss  ||     1
  Use: Scroll            ||     7
       Potion            ||     2
  Eat: Chunk             ||     2
Armor: Plate armour      ||    53
Dodge: Dodged            ||    29
Block: Other             ||     9
